Whale vs Americans

Created - Sunday, November 22, 2015 at 03:16

Goals
1 2 3 OT1 T
Whale 0 1 0 1 2
Americans 0 1 0 0 1
Shots
1 2 3 OT1 T
Whale 7 12 6 5 30
Americans 13 13 13 0 39

1st period

No Goal

Penalties :
Tim Jackman (RCH) for Holding (Minor) at 11:15

2nd period

1. Americans , Spencer Abbott 2 (Daniel Maggio, Nick Cousins) at 10:42
2. Whale , Matt Halischuk 3 (Shane Prince) at 14:24

Penalties :
Patrick Bordeleau (RCH) for Fighting (Major) at 0:52, Corey Tropp (CON) for Fighting (Major) at 0:52, Corey Tropp (CON) for instigated a fight (Minor) at 0:52, Corey Tropp (CON) for instigated a fight (10 Minutes Misconduct) at 0:52, Nate Schmidt (RCH) for Hooking (Minor) at 0:56

3rd period

No Goal

Penalties :
No Penalty

Overtime #1

3. Whale , Tye McGinn 2 (Matt Halischuk, Brennan Evans) at 0:39

Penalties :
No Penalty

Goalie Stats

Calvin Pickard (CON), 38 saves from 39 shots - (0.974), W, 10-3-3, 60:39 minutes
Petr Mrazek (RCH), 28 saves from 30 shots - (0.933), OTL, 9-1-2, 60:39 minutes

Players Stats for Whale

Player Name              G  A  P  +/- PIM S  H  SB GA TA FO     MP     PP MP  PK MP  
------------------------------------------------------------------------------------
Alan Quine               0  0  0   0  0   1  1  2  2  0  6/17   19:32   1:26   0:00 
Brendan Ranford          0  0  0  -1  0   1  3  2  2  0  0/0    16:45   0:37   0:00 
Brendan Woods            0  0  0   0  0   0  0  0  0  0  0/0     0:00   0:00   0:00 
Brennan Evans            0  1  1   1  0   1  1  0  1  2  0/0    25:15   1:08   0:04 
Brent Regner             0  0  0   1  0   2  0  1  0  3  0/0    26:19   1:08   0:04 
Corey Tropp              0  0  0   0  17  2  0  0  1  0  1/1    14:51   1:26   0:00 
Dallas Jackson           0  0  0   0  0   1  0  0  0  1  0/0    19:54   0:55   0:00 
Darren Dietz             0  0  0   0  0   1  2  0  0  0  0/0    19:54   0:55   0:00 
Ethan Werek              0  0  0   0  0   0  3  1  2  1  4/5    14:20   0:00   0:00 
FARM PLAYER16            0  0  0   1  0   0  0  0  0  0  0/0    19:13   0:00   0:00 
Iiro Pakarinen           0  0  0   0  0   3  1  2  1  1  0/1    18:29   1:26   0:00 
John McCarthy            0  0  0  -1  0   0  0  0  0  2  1/6    17:16   0:04   0:00 
Matt Halischuk           1  1  2   1  0   5  0  3  2  2  2/6    20:52   0:33   0:04 
Nick Tarnasky            0  0  0   0  0   2  4  1  1  2  0/0    16:43   0:04   0:00 
Reece Scarlett           0  0  0   0  0   2  0  1  0  2  0/0    16:52   0:00   0:00 
Shane Prince             0  1  1   1  0   4  1  2  1  0  3/4    13:24   0:33   0:00 
Tomas Nosek              0  0  0   0  0   0  0  0  0  0  0/0     0:00   0:00   0:00 
Tye McGinn               1  0  1   1  0   5  1  2  2  0  0/3    20:57   0:00   0:04 

Players Stats for Americans

Player Name              G  A  P  +/- PIM S  H  SB GA TA FO     MP     PP MP  PK MP  
------------------------------------------------------------------------------------
Daniel Maggio            0  1  1   1  0   0  0  0  0  0  0/0    17:11   0:00   0:00 
Dany Heatley             0  0  0   0  0   1  3  0  0  0  0/0    17:46   0:04   1:27 
Dylan DeMelo             0  0  0  -1  0   1  1  0  0  1  0/0    21:00   0:00   1:34 
Grant Clitsome           0  0  0  -1  0   5  2  0  1  0  0/0    22:28   0:04   0:29 
Jake Chelios             0  0  0   1  0   0  0  0  0  0  0/0    18:28   0:00   0:00 
Jerome Samson            0  0  0   0  0   3  3  0  4  0  0/0    15:11   0:00   0:59 
Justin Hodgman           0  0  0   0  0   4  0  0  5  1  2/3    12:12   0:00   0:00 
Kale Kessy               0  0  0   0  0   1  2  0  3  0  0/1    12:12   0:00   0:00 
Marc-Andre Cliche        0  0  0  -1  0   3  0  0  4  1  14/22  18:18   0:04   1:21 
Nate Schmidt             0  0  0  -1  2   2  1  2  0  1  0/0    21:16   0:03   0:29 
Nick Cousins             0  1  1   0  0   1  1  0  2  0  7/12   15:31   0:00   0:04 
Nick Drazenovic          0  0  0   0  0   3  0  1  3  1  2/3    14:40   0:00   0:15 
Nick Sorkin              0  0  0   0  0   1  2  0  0  0  0/0    13:49   0:00   0:00 
Patrick Bordeleau        0  0  0   0  5   1  2  0  2  1  0/0    13:34   0:00   0:00 
Peter Andersson          0  0  0  -1  0   2  1  0  0  0  0/0    21:00   0:00   1:34 
Ruslan Fedotenko         0  0  0   0  0   2  1  1  1  0  0/1    12:12   0:00   0:00 
Spencer Abbott           1  0  1   0  0   5  1  0  0  0  0/0    14:40   0:00   0:00 
Tim Jackman              0  0  0  -1  2   4  4  0  3  0  1/1    17:07   0:04   0:00 

3 Stars

1 - Calvin Pickard (CON)
2 - Matt Halischuk (CON)
3 - Tye McGinn (CON)

Power Play

Whale - 0 on 2 Attempt(s) - 0.00%
Americans - 0 on 1 Attempt(s) - 0.00%

Penalty Kill

Whale - 1 on 1 Attempt(s) - 100.00% - Score 0 goal in Penalty Kill
Americans - 2 on 2 Attempt(s) - 100.00% - Score 0 goal in Penalty Kill

Team Stat

Whale - Hits : 17 - Faceoff Wins : 17 - Blocked Shots : 17 - Penalty Minutes : 17
Americans - Hits : 24 - Faceoff Wins : 26 - Blocked Shots : 4 - Penalty Minutes : 9

Official

Referees : Unknown
Linesman : Unknown

Game Notes

Patrick Bordeleau and Corey Tropp fight to a draw at 0:52 of 2nd period

Finance

Level 1 -- Attendance: 1608 (80.40%) -- Ticket Income $40,200
Level 2 -- Attendance: 710 (71.00%) -- Ticket Income $7,100
Total Attendance: 2318 (77.27%)
Total Ticket Income: $47,300
Other Income: $23,177
Total Income: $70,477

Whale

5 vs 5 Forward 
   Center                   Left Wing                Right Wing               Time % Phy DF OF 
 1 Shane Prince             Matt Halischuk           Tye McGinn               35     1   2  2  
 2 Alan Quine               Corey Tropp              Iiro Pakarinen           30     1   2  2  
 3 John McCarthy            Brendan Ranford          Matt Halischuk           22     1   2  2  
 4 Ethan Werek              Nick Tarnasky            Tye McGinn               13     1   2  2  

5 vs 5 Defense 
   Defense                  Defense                                           Time % Phy DF OF 
 1 Brent Regner             Brennan Evans                                     35     1   2  2  
 2 Dallas Jackson           Darren Dietz                                      30     1   2  2  
 3 Reece Scarlett           FARM PLAYER16                                     22     1   2  2  
 4 Brent Regner             Brennan Evans                                     13     1   2  2  

PowerPlay Forward 
   Center                   Left Wing                Right Wing               Time % Phy DF OF 
 1 Shane Prince             Matt Halischuk           Tye McGinn               60     1   2  2  
 2 Alan Quine               Corey Tropp              Iiro Pakarinen           40     1   2  2  

PowerPlay Defense
   Defense                  Defense                                           Time % Phy DF OF 
 1 Brent Regner             Brennan Evans                                     60     1   2  2  
 2 Dallas Jackson           Darren Dietz                                      40     1   2  2  

Penalty Kill 4 Players Forward 
   Center                   Wing                     Time % Phy DF OF 
 1 Matt Halischuk           Tye McGinn               60     1   2  2  
 2 Shane Prince             Corey Tropp              40     1   2  2  

Penalty Kill 4 Players Defense
   Defense                  Defense                  Time % Phy DF OF 
 1 Brent Regner             Brennan Evans            60     1   2  2  
 2 Dallas Jackson           Darren Dietz             40     1   2  2  

Penalty Kill - 3 Players Forward 
   Forward                                           Time % Phy DF OF 
 1 Matt Halischuk                                    60     1   2  2  
 2 Tye McGinn                                        40     1   2  2  

Penalty Kill - 3 Players Defense
   Defense                  Defense                  Time % Phy DF OF 
 1 Brent Regner             Brennan Evans            60     1   2  2  
 2 Dallas Jackson           Darren Dietz             40     1   2  2  

4 vs 4 Forward 
   Center                   Wing                     Time % Phy DF OF 
 1 Matt Halischuk           Tye McGinn               60     1   2  2  
 2 Shane Prince             Corey Tropp              40     1   2  2  

4 vs 4 Defense
   Defense                  Defense                  Time % Phy DF OF 
 1 Brent Regner             Brennan Evans            60     1   2  2  
 2 Dallas Jackson           Darren Dietz             40     1   2  2  

Last Minutes Offensive
   Center                   Left Wing                Right Wing               Defense                  Defense                  
   Shane Prince             Matt Halischuk           Tye McGinn               Brent Regner             Brennan Evans            

Last Minutes Defensive
   Center                   Left Wing                Right Wing               Defense                  Defense                  
   Shane Prince             Matt Halischuk           Tye McGinn               Brent Regner             Brennan Evans            

Goaltenders
Starting : Calvin Pickard           
Backup : Louis Domingue           

Extra Forwards
Normal : John McCarthy, Brendan Ranford, Nick Tarnasky - PP : John McCarthy, Brendan Ranford - PK : Nick Tarnasky
Extra Defensemen
Normal : Reece Scarlett, FARM PLAYER16, Dallas Jackson - PP : Reece Scarlett - PK : FARM PLAYER16, Dallas Jackson
Penalty Shots
Matt Halischuk, Tye McGinn, Shane Prince, Corey Tropp, Iiro Pakarinen

Americans

5 vs 5 Forward 
   Center                   Left Wing                Right Wing               Time % Phy DF OF 
 1 Marc-Andre Cliche        Dany Heatley             Tim Jackman              35     1   2  2  
 2 Nick Cousins             Patrick Bordeleau        Spencer Abbott           30     1   2  2  
 3 Nick Drazenovic          Nick Sorkin              Jerome Samson            22     1   2  2  
 4 Justin Hodgman           Ruslan Fedotenko         Kale Kessy               13     1   2  2  

5 vs 5 Defense 
   Defense                  Defense                                           Time % Phy DF OF 
 1 Grant Clitsome           Nate Schmidt                                      35     1   2  2  
 2 Dylan DeMelo             Peter Andersson                                   30     1   2  2  
 3 Jake Chelios             Daniel Maggio                                     22     1   2  2  
 4 Grant Clitsome           Nate Schmidt                                      13     1   2  2  

PowerPlay Forward 
   Center                   Left Wing                Right Wing               Time % Phy DF OF 
 1 Marc-Andre Cliche        Dany Heatley             Tim Jackman              60     1   2  2  
 2 Nick Cousins             Patrick Bordeleau        Spencer Abbott           40     1   2  2  

PowerPlay Defense
   Defense                  Defense                                           Time % Phy DF OF 
 1 Grant Clitsome           Nate Schmidt                                      60     1   2  2  
 2 Dylan DeMelo             Peter Andersson                                   40     1   2  2  

Penalty Kill 4 Players Forward 
   Center                   Wing                     Time % Phy DF OF 
 1 Marc-Andre Cliche        Tim Jackman              60     1   2  2  
 2 Dany Heatley             Nick Cousins             40     1   2  2  

Penalty Kill 4 Players Defense
   Defense                  Defense                  Time % Phy DF OF 
 1 Grant Clitsome           Nate Schmidt             60     1   2  2  
 2 Dylan DeMelo             Peter Andersson          40     1   2  2  

Penalty Kill - 3 Players Forward 
   Forward                                           Time % Phy DF OF 
 1 Marc-Andre Cliche                                 60     1   2  2  
 2 Tim Jackman                                       40     1   2  2  

Penalty Kill - 3 Players Defense
   Defense                  Defense                  Time % Phy DF OF 
 1 Grant Clitsome           Nate Schmidt             60     1   2  2  
 2 Dylan DeMelo             Peter Andersson          40     1   2  2  

4 vs 4 Forward 
   Center                   Wing                     Time % Phy DF OF 
 1 Marc-Andre Cliche        Tim Jackman              60     1   2  2  
 2 Dany Heatley             Nick Cousins             40     1   2  2  

4 vs 4 Defense
   Defense                  Defense                  Time % Phy DF OF 
 1 Grant Clitsome           Nate Schmidt             60     1   2  2  
 2 Dylan DeMelo             Peter Andersson          40     1   2  2  

Last Minutes Offensive
   Center                   Left Wing                Right Wing               Defense                  Defense                  
   Marc-Andre Cliche        Dany Heatley             Tim Jackman              Grant Clitsome           Nate Schmidt             

Last Minutes Defensive
   Center                   Left Wing                Right Wing               Defense                  Defense                  
   Marc-Andre Cliche        Dany Heatley             Tim Jackman              Grant Clitsome           Nate Schmidt             

Goaltenders
Starting : Petr Mrazek              
Backup : FARM GOALIE17            

Extra Forwards
Normal : Patrick Bordeleau, Nick Drazenovic, Jerome Samson - PP : Patrick Bordeleau, Nick Drazenovic - PK : Jerome Samson
Extra Defensemen
Normal : Jake Chelios, Daniel Maggio, Dylan DeMelo - PP : Jake Chelios - PK : Daniel Maggio, Dylan DeMelo
Penalty Shots
Marc-Andre Cliche, Tim Jackman, Dany Heatley, Nick Cousins, Patrick Bordeleau

% Time on Ice - Whale

Lines # - Real PCT - Wanted PCT - Time Play
Normal Forward
1 - 24% - 35% - 13:16
2 - 32% - 30% - 18:06
3 - 23% - 22% - 12:45
4 - 21% - 13% - 11:51
Normal Defense
1 - 34% - 35% - 18:53
2 - 33% - 30% - 18:24
3 - 26% - 22% - 14:36
4 - 7% - 13% - 4:05
PP Forward
1 - 30% - 60% - 0:37
2 - 70% - 40% - 1:26
PP Defense
1 - 55% - 60% - 1:08
2 - 45% - 40% - 0:55
PK Forward
1 - 100% - 60% - 0:04
2 - 0% - 40% - 0:00
PK Defense
1 - 100% - 60% - 0:04
2 - 0% - 40% - 0:00
PK3 Forward
1 - 0% - 60%
2 - 0% - 40%
PK3 Defense
1 - 0% - 60%
2 - 0% - 40%
44 Forward
1 - 100% - 60% - 2:34
2 - 0% - 40% - 0:00
44 Defense
1 - 77% - 60% - 1:59
2 - 23% - 40% - 0:35
Last Minute Offensive  - 0:00
Last Minute Defensive  - 0:00
Total
Forward - 60:39
Defense - 60:39

% Time on Ice - Americans

Lines # - Real PCT - Wanted PCT - Time Play
Normal Forward
1 - 26% - 35% - 14:46
2 - 27% - 30% - 15:11
3 - 25% - 22% - 13:49
4 - 22% - 13% - 12:12
Normal Defense
1 - 31% - 35% - 17:06
2 - 34% - 30% - 18:48
3 - 31% - 22% - 17:11
4 - 5% - 13% - 2:53
PP Forward
1 - 100% - 60% - 0:04
2 - 0% - 40% - 0:00
PP Defense
1 - 100% - 60% - 0:04
2 - 0% - 40% - 0:00
PK Forward
1 - 97% - 60% - 1:59
2 - 3% - 40% - 0:04
PK Defense
1 - 24% - 60% - 0:29
2 - 76% - 40% - 1:34
PK3 Forward
1 - 0% - 60%
2 - 0% - 40%
PK3 Defense
1 - 0% - 60%
2 - 0% - 40%
44 Forward
1 - 90% - 60% - 2:18
2 - 10% - 40% - 0:16
44 Defense
1 - 75% - 60% - 1:56
2 - 25% - 40% - 0:38
Last Minute Offensive  - 0:00
Last Minute Defensive  - 0:00
Total
Forward - 60:39
Defense - 60:39

Play by Play

1st period


0:01 of 1st period - Shane Prince wins face-off versus Marc-Andre Cliche in neutral zone.
0:04 of 1st period - Snap shot by Matt Halischuk.
0:04 of 1st period - Deflect By Shane Prince.
0:04 of 1st period - Shot Misses the Net.
0:04 of 1st period - Puck is out of play.
0:05 of 1st period - Shane Prince wins face-off versus Marc-Andre Cliche in Americans zone.
0:22 of 1st period - Snap shot by Matt Halischuk.
0:22 of 1st period - Shot Misses the Net.
0:24 of 1st period - Snap shot by Shane Prince.
0:24 of 1st period - Stopped by Petr Mrazek with a rebound.
0:30 of 1st period - Slapshot by Shane Prince.
0:30 of 1st period - Stopped by Petr Mrazek with a rebound.
0:32 of 1st period - Snap shot by Tye McGinn.
0:32 of 1st period - Shot Misses the Net.
2:25 of 1st period - Reece Scarlett is hit by Kale Kessy and loses puck.
2:41 of 1st period - Off-side.
2:42 of 1st period - Marc-Andre Cliche wins face-off versus Iiro Pakarinen in neutral zone.
2:45 of 1st period - Snap shot by Tim Jackman.
2:45 of 1st period - Stopped by Calvin Pickard without a rebound.
2:46 of 1st period - Marc-Andre Cliche wins face-off versus Alan Quine in Whale zone.
2:49 of 1st period - Snap shot by Tim Jackman.
2:49 of 1st period - Stopped by Calvin Pickard with a rebound.
3:43 of 1st period - Slapshot by Nick Tarnasky.
3:43 of 1st period - Stopped by Petr Mrazek with a rebound.
3:45 of 1st period - Wrist shot by Nick Tarnasky.
3:45 of 1st period - Stopped by Petr Mrazek with a rebound.
3:55 of 1st period - Wrist shot by Ethan Werek.
3:55 of 1st period - Shot Misses the Net.
3:57 of 1st period - Slapshot by Reece Scarlett.
3:57 of 1st period - Deflect By Patrick Bordeleau.
3:57 of 1st period - Stopped by Petr Mrazek with a rebound.
3:59 of 1st period - Snap shot by Reece Scarlett.
3:59 of 1st period - Stopped by Petr Mrazek without a rebound.
4:00 of 1st period - Nick Drazenovic wins face-off versus John McCarthy in Americans zone.
4:00 of 1st period - Nick Drazenovic is hit by Brendan Ranford.
4:06 of 1st period - Slapshot by Grant Clitsome.
4:06 of 1st period - Stopped by Calvin Pickard without a rebound.
4:07 of 1st period - Nick Drazenovic wins face-off versus John McCarthy in Whale zone.
4:14 of 1st period - Wrist shot by Nick Drazenovic.
4:14 of 1st period - Deflect By Jerome Samson.
4:14 of 1st period - Shot Hit the Post.
4:14 of 1st period - Puck is out of play.
4:15 of 1st period - John McCarthy wins face-off versus Nick Drazenovic in Whale zone.
4:37 of 1st period - Snap shot by Matt Halischuk.
4:37 of 1st period - Shot Blocked by Nate Schmidt.
4:39 of 1st period - Wrist shot by Matt Halischuk.
4:39 of 1st period - Shot Misses the Net.
5:09 of 1st period - Wrist shot by Tye McGinn.
5:09 of 1st period - Shot Misses the Net.
5:22 of 1st period - Snap shot by Reece Scarlett.
5:22 of 1st period - Shot Misses the Net.
7:03 of 1st period - Wrist shot by Kale Kessy.
7:03 of 1st period - Shot Misses the Net.
7:15 of 1st period - Justin Hodgman is hit by Tye McGinn and loses puck.
7:49 of 1st period - Nate Schmidt is hit by Alan Quine and loses puck.
8:28 of 1st period - Dallas Jackson is hit by Grant Clitsome and loses puck.
9:04 of 1st period - Marc-Andre Cliche is hit by Nick Tarnasky and loses puck.
9:30 of 1st period - Snap shot by Patrick Bordeleau.
9:30 of 1st period - Deflect By Spencer Abbott.
9:30 of 1st period - Stopped by Calvin Pickard without a rebound.
9:31 of 1st period - Nick Cousins wins face-off versus Alan Quine in Whale zone.
9:59 of 1st period - Slapshot by Grant Clitsome.
9:59 of 1st period - Stopped by Calvin Pickard with a rebound.
10:04 of 1st period - Slapshot by Nate Schmidt.
10:04 of 1st period - Shot Blocked by Tye McGinn.
10:06 of 1st period - Snap shot by Nick Sorkin.
10:06 of 1st period - Shot Misses the Net.
10:08 of 1st period - Wrist shot by Jerome Samson.
10:08 of 1st period - Shot Misses the Net.
10:50 of 1st period - Slapshot by Grant Clitsome.
10:50 of 1st period - Shot Misses the Net.
10:52 of 1st period - Slapshot by Nate Schmidt.
10:52 of 1st period - Stopped by Calvin Pickard with a rebound.
10:54 of 1st period - Wrist shot by Ruslan Fedotenko.
10:54 of 1st period - Shot Misses the Net.
10:56 of 1st period - Snap shot by Nate Schmidt.
10:56 of 1st period - Shot Blocked by Shane Prince.
11:15 of 1st period - Minor Penalty to Tim Jackman for Holding.
11:16 of 1st period - Marc-Andre Cliche wins face-off versus Alan Quine in Americans zone.
11:36 of 1st period - Wrist shot by Marc-Andre Cliche.
11:36 of 1st period - Shot Misses the Net.
11:38 of 1st period - Slapshot by Peter Andersson.
11:38 of 1st period - Stopped by Calvin Pickard with a rebound.
12:08 of 1st period - Shane Prince is hit by Dany Heatley and loses puck.
12:15 of 1st period - Dany Heatley is hit by Shane Prince and loses puck.
12:29 of 1st period - Slapshot by Brent Regner.
12:29 of 1st period - Stopped by Petr Mrazek with a rebound.
12:31 of 1st period - Slapshot by Corey Tropp.
12:31 of 1st period - Shot Misses the Net.
12:54 of 1st period - Slapshot by Grant Clitsome.
12:54 of 1st period - Shot Misses the Net.
12:56 of 1st period - Snap shot by Grant Clitsome.
12:56 of 1st period - Stopped by Calvin Pickard with a rebound.
13:15 of 1st period - Penalty to Tim Jackman is over, Tim Jackman is back on ice.
13:32 of 1st period - Shane Prince is hit by Spencer Abbott and loses puck.
14:54 of 1st period - Wrist shot by Kale Kessy.
14:54 of 1st period - Shot Blocked by Matt Halischuk.
15:08 of 1st period - Slapshot by Iiro Pakarinen.
15:08 of 1st period - Shot Misses the Net.
15:15 of 1st period - Icing by Justin Hodgman.
15:16 of 1st period - Justin Hodgman wins face-off versus Ethan Werek in Americans zone.
15:16 of 1st period - Justin Hodgman is hit by Iiro Pakarinen.
15:39 of 1st period - Reece Scarlett is hit by Nick Sorkin.
15:43 of 1st period - Peter Andersson is hit by Nick Tarnasky and loses puck.
15:54 of 1st period - Snap shot by Corey Tropp.
15:54 of 1st period - Deflect By Alan Quine.
15:54 of 1st period - Shot Misses the Net.
15:54 of 1st period - Puck is out of play.
15:55 of 1st period - Marc-Andre Cliche wins face-off versus Alan Quine in Americans zone.
17:02 of 1st period - Slapshot by Grant Clitsome.
17:02 of 1st period - Deflect By Kale Kessy.
17:02 of 1st period - Shot Blocked by Alan Quine.
17:02 of 1st period - Puck is out of play.
17:03 of 1st period - Nick Cousins wins face-off versus John McCarthy in Whale zone.
17:48 of 1st period - Snap shot by Marc-Andre Cliche.
17:48 of 1st period - Shot Misses the Net.
17:54 of 1st period - Wrist shot by Tim Jackman.
17:54 of 1st period - Stopped by Calvin Pickard with a rebound.
17:56 of 1st period - Snap shot by Dany Heatley.
17:56 of 1st period - Deflect By Brendan Ranford.
17:56 of 1st period - Shot Misses the Net.
17:56 of 1st period - Puck is out of play.
17:57 of 1st period - Ethan Werek wins face-off versus Marc-Andre Cliche in Whale zone.
18:28 of 1st period - Slapshot by Grant Clitsome.
18:28 of 1st period - Shot Misses the Net.
18:30 of 1st period - Slapshot by Nate Schmidt.
18:30 of 1st period - Shot Misses the Net.
18:36 of 1st period - Snap shot by Jerome Samson.
18:36 of 1st period - Stopped by Calvin Pickard with a rebound.
18:46 of 1st period - Snap shot by Nick Drazenovic.
18:46 of 1st period - Stopped by Calvin Pickard with a rebound.
18:51 of 1st period - Wrist shot by Nick Drazenovic.
18:51 of 1st period - Shot Misses the Net.
18:53 of 1st period - Snap shot by Nick Sorkin.
18:53 of 1st period - Deflect By Jerome Samson.
18:53 of 1st period - Stopped by Calvin Pickard with a rebound.
18:55 of 1st period - Wrist shot by Nick Sorkin.
18:55 of 1st period - Deflect By Tye McGinn.
18:55 of 1st period - Stopped by Calvin Pickard without a rebound.
18:56 of 1st period - Justin Hodgman wins face-off versus Alan Quine in Whale zone.
19:53 of 1st period - Grant Clitsome is hit by Ethan Werek and loses puck.
Goals for this period are 0 for Whale vs 0 for Americans.
Shots for this period are 7 for Whale vs 13 for Americans.

2nd period


0:01 of 2nd period - Marc-Andre Cliche wins face-off versus Shane Prince in neutral zone.
0:04 of 2nd period - Snap shot by Tim Jackman.
0:04 of 2nd period - Stopped by Calvin Pickard without a rebound.
0:05 of 2nd period - Matt Halischuk wins face-off versus Marc-Andre Cliche in Whale zone.
0:22 of 2nd period - Wrist shot by Tye McGinn.
0:22 of 2nd period - Stopped by Petr Mrazek without a rebound.
0:23 of 2nd period - Alan Quine wins face-off versus Nick Cousins in Americans zone.
0:24 of 2nd period - Wrist shot by Iiro Pakarinen.
0:24 of 2nd period - Stopped by Petr Mrazek without a rebound.
0:25 of 2nd period - Nick Cousins wins face-off versus Alan Quine in Americans zone.
0:45 of 2nd period - Snap shot by Corey Tropp.
0:45 of 2nd period - Stopped by Petr Mrazek with a rebound.
0:52 of 2nd period - Patrick Bordeleau and Corey Tropp fight to a draw.
0:52 of 2nd period - Penalty to Patrick Bordeleau for Fighting.
0:52 of 2nd period - Penalty to Corey Tropp for Fighting.
0:52 of 2nd period - Penalty to Corey Tropp for instigated a fight.
0:52 of 2nd period - Penalty to Corey Tropp for instigated a fight.
0:53 of 2nd period - Marc-Andre Cliche wins face-off versus Matt Halischuk in Americans zone.
0:53 of 2nd period - Marc-Andre Cliche is hit by Brennan Evans.
0:56 of 2nd period - Minor Penalty to Nate Schmidt for Hooking.
0:57 of 2nd period - Matt Halischuk wins face-off versus Marc-Andre Cliche in Americans zone.
1:09 of 2nd period - Wrist shot by Matt Halischuk.
1:09 of 2nd period - Stopped by Petr Mrazek without a rebound.
1:10 of 2nd period - Marc-Andre Cliche wins face-off versus Matt Halischuk in Americans zone.
2:32 of 2nd period - Wrist shot by Tim Jackman.
2:32 of 2nd period - Deflect By Marc-Andre Cliche.
2:32 of 2nd period - Shot Misses the Net.
2:32 of 2nd period - Puck is out of play.
2:33 of 2nd period - Marc-Andre Cliche wins face-off versus John McCarthy in Whale zone.
2:52 of 2nd period - Penalty to Corey Tropp is over, Nick Tarnasky is send on ice.
2:56 of 2nd period - Penalty to Nate Schmidt is over, Nate Schmidt is back on ice.
3:51 of 2nd period - Alan Quine is hit by Kale Kessy and loses puck.
4:40 of 2nd period - Snap shot by Matt Halischuk.
4:40 of 2nd period - Shot Blocked by Nick Drazenovic.
5:27 of 2nd period - Wrist shot by Iiro Pakarinen.
5:27 of 2nd period - Shot Misses the Net.
5:29 of 2nd period - Snap shot by Iiro Pakarinen.
5:29 of 2nd period - Stopped by Petr Mrazek without a rebound.
5:30 of 2nd period - Nick Cousins wins face-off versus Alan Quine in Americans zone.
5:35 of 2nd period - Reece Scarlett is hit by Dany Heatley and loses puck.
6:37 of 2nd period - Ethan Werek is hit by Jerome Samson and loses puck.
6:51 of 2nd period - Off-side.
6:52 of 2nd period - Alan Quine wins face-off versus Marc-Andre Cliche in neutral zone.
7:56 of 2nd period - Jerome Samson is hit by Nick Tarnasky and loses puck.
8:28 of 2nd period - Darren Dietz is hit by Patrick Bordeleau.
9:02 of 2nd period - Slapshot by Tim Jackman.
9:02 of 2nd period - Deflect By Marc-Andre Cliche.
9:02 of 2nd period - Shot Misses the Net.
9:02 of 2nd period - Puck is out of play.
9:03 of 2nd period - Ethan Werek wins face-off versus Justin Hodgman in Whale zone.
9:45 of 2nd period - Shane Prince is hit by Nate Schmidt and loses puck.
9:54 of 2nd period - Dallas Jackson is hit by Jerome Samson.
10:40 of 2nd period - Slapshot by Nick Cousins.
10:40 of 2nd period - Shot Misses the Net.
10:42 of 2nd period - Slapshot by Daniel Maggio.
10:42 of 2nd period - Deflect By Spencer Abbott.
10:42 of 2nd period - Goal by Spencer Abbott - Whale : 0 - Americans : 1.
10:43 of 2nd period - Alan Quine wins face-off versus Ruslan Fedotenko in neutral zone.
11:12 of 2nd period - Slapshot by Matt Halischuk.
11:12 of 2nd period - Stopped by Petr Mrazek with a rebound.
11:14 of 2nd period - Wrist shot by Shane Prince.
11:14 of 2nd period - Stopped by Petr Mrazek with a rebound.
11:16 of 2nd period - Backhand shot by Tye McGinn.
11:16 of 2nd period - Shot Blocked by Ruslan Fedotenko.
11:18 of 2nd period - Slapshot by Brent Regner.
11:18 of 2nd period - Shot Misses the Net.
11:24 of 2nd period - Dallas Jackson is hit by Ruslan Fedotenko and loses puck.
13:06 of 2nd period - Dallas Jackson is hit by Nick Sorkin and loses puck.
13:29 of 2nd period - Iiro Pakarinen is hit by Jerome Samson and loses puck.
14:00 of 2nd period - Ruslan Fedotenko is hit by Brendan Ranford and loses puck.
14:22 of 2nd period - Slapshot by Dallas Jackson.
14:22 of 2nd period - Stopped by Petr Mrazek without a rebound.
14:23 of 2nd period - Shane Prince wins face-off versus Nick Cousins in Americans zone.
14:24 of 2nd period - Snap shot by Matt Halischuk.
14:24 of 2nd period - Goal by Matt Halischuk - Whale : 1 - Americans : 1.
14:25 of 2nd period - Tim Jackman wins face-off versus Alan Quine in neutral zone.
14:38 of 2nd period - Snap shot by Alan Quine.
14:38 of 2nd period - Stopped by Petr Mrazek with a rebound.
15:19 of 2nd period - Snap shot by Iiro Pakarinen.
15:19 of 2nd period - Stopped by Petr Mrazek with a rebound.
15:21 of 2nd period - Slapshot by Brennan Evans.
15:21 of 2nd period - Deflect By Iiro Pakarinen.
15:21 of 2nd period - Shot Misses the Net.
15:21 of 2nd period - Puck is out of play.
15:22 of 2nd period - Alan Quine wins face-off versus Nick Cousins in Americans zone.
15:23 of 2nd period - Snap shot by Iiro Pakarinen.
15:23 of 2nd period - Shot Misses the Net.
15:52 of 2nd period - 10 Minutes Misconduct Penalty to Corey Tropp is over.
15:59 of 2nd period - Nick Sorkin is hit by Ethan Werek and loses puck.
16:46 of 2nd period - Wrist shot by Marc-Andre Cliche.
16:46 of 2nd period - Shot Blocked by Reece Scarlett.
16:48 of 2nd period - Snap shot by Grant Clitsome.
16:48 of 2nd period - Shot Blocked by Matt Halischuk.
16:50 of 2nd period - Slapshot by Tim Jackman.
16:50 of 2nd period - Shot Blocked by Brendan Ranford.
16:58 of 2nd period - Snap shot by Tim Jackman.
16:58 of 2nd period - Shot Misses the Net.
17:00 of 2nd period - Snap shot by Dany Heatley.
17:00 of 2nd period - Stopped by Calvin Pickard with a rebound.
17:15 of 2nd period - Snap shot by Justin Hodgman.
17:15 of 2nd period - Stopped by Calvin Pickard with a rebound.
17:27 of 2nd period - Snap shot by Ruslan Fedotenko.
17:27 of 2nd period - Shot Misses the Net.
17:29 of 2nd period - Slapshot by Peter Andersson.
17:29 of 2nd period - Deflect By Matt Halischuk.
17:29 of 2nd period - Stopped by Calvin Pickard with a rebound.
17:31 of 2nd period - Snap shot by Peter Andersson.
17:31 of 2nd period - Deflect By Justin Hodgman.
17:31 of 2nd period - Stopped by Calvin Pickard with a rebound.
17:33 of 2nd period - Wrist shot by Ruslan Fedotenko.
17:33 of 2nd period - Deflect By Justin Hodgman.
17:33 of 2nd period - Stopped by Calvin Pickard with a rebound.
17:35 of 2nd period - Slapshot by Justin Hodgman.
17:35 of 2nd period - Stopped by Calvin Pickard without a rebound.
17:36 of 2nd period - Corey Tropp wins face-off versus Nick Cousins in Whale zone.
18:25 of 2nd period - Wrist shot by Nick Drazenovic.
18:25 of 2nd period - Stopped by Calvin Pickard with a rebound.
18:29 of 2nd period - Snap shot by Grant Clitsome.
18:29 of 2nd period - Shot Misses the Net.
18:31 of 2nd period - Wrist shot by Jerome Samson.
18:31 of 2nd period - Shot Blocked by Ethan Werek.
18:46 of 2nd period - Snap shot by Jerome Samson.
18:46 of 2nd period - Stopped by Calvin Pickard with a rebound.
18:48 of 2nd period - Snap shot by Nick Drazenovic.
18:48 of 2nd period - Stopped by Calvin Pickard without a rebound.
18:49 of 2nd period - Alan Quine wins face-off versus Marc-Andre Cliche in Whale zone.
18:49 of 2nd period - Alan Quine is hit by Tim Jackman.
19:23 of 2nd period - Wrist shot by Marc-Andre Cliche.
19:23 of 2nd period - Stopped by Calvin Pickard with a rebound.
19:25 of 2nd period - Snap shot by Marc-Andre Cliche.
19:25 of 2nd period - Deflect By Tye McGinn.
19:25 of 2nd period - Stopped by Calvin Pickard with a rebound.
19:45 of 2nd period - Wrist shot by Iiro Pakarinen.
19:45 of 2nd period - Shot Misses the Net.
19:51 of 2nd period - Wrist shot by Corey Tropp.
19:51 of 2nd period - Stopped by Petr Mrazek with a rebound.
19:53 of 2nd period - Slapshot by Brennan Evans.
19:53 of 2nd period - Shot Misses the Net.
Goals for this period are 1 for Whale vs 1 for Americans.
Shots for this period are 12 for Whale vs 13 for Americans.

3rd period


0:01 of 3rd period - Marc-Andre Cliche wins face-off versus Tye McGinn in neutral zone.
0:30 of 3rd period - Snap shot by Tim Jackman.
0:30 of 3rd period - Shot Blocked by Brent Regner.
0:50 of 3rd period - Wrist shot by Corey Tropp.
0:50 of 3rd period - Deflect By Alan Quine.
0:50 of 3rd period - Shot Misses the Net.
0:50 of 3rd period - Puck is out of play.
0:51 of 3rd period - Nick Cousins wins face-off versus Alan Quine in Americans zone.
2:44 of 3rd period - Snap shot by Shane Prince.
2:44 of 3rd period - Stopped by Petr Mrazek with a rebound.
2:46 of 3rd period - Snap shot by Matt Halischuk.
2:46 of 3rd period - Stopped by Petr Mrazek with a rebound.
2:48 of 3rd period - Slapshot by Tye McGinn.
2:48 of 3rd period - Stopped by Petr Mrazek with a rebound.
4:16 of 3rd period - Darren Dietz is hit by Patrick Bordeleau and loses puck.
4:45 of 3rd period - Snap shot by Jerome Samson.
4:45 of 3rd period - Shot Blocked by Alan Quine.
5:11 of 3rd period - Alan Quine is hit by Tim Jackman and loses puck.
5:20 of 3rd period - Snap shot by Tim Jackman.
5:20 of 3rd period - Deflect By Marc-Andre Cliche.
5:20 of 3rd period - Stopped by Calvin Pickard without a rebound.
5:21 of 3rd period - Ethan Werek wins face-off versus Marc-Andre Cliche in Whale zone.
5:50 of 3rd period - Dany Heatley is hit by Brendan Ranford and loses puck.
6:01 of 3rd period - Snap shot by Brendan Ranford.
6:01 of 3rd period - Stopped by Petr Mrazek with a rebound.
6:03 of 3rd period - Snap shot by Brent Regner.
6:03 of 3rd period - Deflect By Tim Jackman.
6:03 of 3rd period - Stopped by Petr Mrazek without a rebound.
6:04 of 3rd period - Nick Cousins wins face-off versus John McCarthy in Americans zone.
6:41 of 3rd period - Brendan Ranford is hit by Grant Clitsome and loses puck.
7:25 of 3rd period - Icing by Darren Dietz.
7:26 of 3rd period - Ethan Werek wins face-off versus Kale Kessy in Whale zone.
7:49 of 3rd period - Icing by Brent Regner.
7:50 of 3rd period - Alan Quine wins face-off versus Nick Cousins in Whale zone.
8:15 of 3rd period - Snap shot by Spencer Abbott.
8:15 of 3rd period - Shot Misses the Net.
8:17 of 3rd period - Wrist shot by Spencer Abbott.
8:17 of 3rd period - Stopped by Calvin Pickard with a rebound.
8:19 of 3rd period - Snap shot by Patrick Bordeleau.
8:19 of 3rd period - Shot Blocked by Iiro Pakarinen.
8:47 of 3rd period - Ethan Werek is hit by Dany Heatley and loses puck.
9:48 of 3rd period - Wrist shot by Justin Hodgman.
9:48 of 3rd period - Shot Misses the Net.
9:50 of 3rd period - Wrist shot by Grant Clitsome.
9:50 of 3rd period - Deflect By Iiro Pakarinen.
9:50 of 3rd period - Stopped by Calvin Pickard with a rebound.
9:54 of 3rd period - Slapshot by Grant Clitsome.
9:54 of 3rd period - Shot Blocked by Iiro Pakarinen.
9:56 of 3rd period - Slapshot by Ruslan Fedotenko.
9:56 of 3rd period - Stopped by Calvin Pickard with a rebound.
9:58 of 3rd period - Snap shot by Grant Clitsome.
9:58 of 3rd period - Shot Blocked by Brendan Ranford.
10:00 of 3rd period - Slapshot by Grant Clitsome.
10:00 of 3rd period - Stopped by Calvin Pickard with a rebound.
10:02 of 3rd period - Snap shot by Nate Schmidt.
10:02 of 3rd period - Stopped by Calvin Pickard with a rebound.
10:04 of 3rd period - Snap shot by Kale Kessy.
10:04 of 3rd period - Stopped by Calvin Pickard with a rebound.
10:43 of 3rd period - Snap shot by Nick Cousins.
10:43 of 3rd period - Stopped by Calvin Pickard without a rebound.
10:44 of 3rd period - Marc-Andre Cliche wins face-off versus Tye McGinn in Whale zone.
12:33 of 3rd period - Wrist shot by Corey Tropp.
12:33 of 3rd period - Shot Misses the Net.
12:35 of 3rd period - Slapshot by Darren Dietz.
12:35 of 3rd period - Stopped by Petr Mrazek with a rebound.
12:37 of 3rd period - Slapshot by Dallas Jackson.
12:37 of 3rd period - Shot Misses the Net.
12:47 of 3rd period - Grant Clitsome is hit by Darren Dietz and loses puck.
13:20 of 3rd period - Spencer Abbott is hit by Ethan Werek and loses puck.
13:47 of 3rd period - Dallas Jackson is hit by Nick Cousins and loses puck.
14:37 of 3rd period - Icing by Marc-Andre Cliche.
14:38 of 3rd period - Marc-Andre Cliche wins face-off versus Alan Quine in Americans zone.
14:49 of 3rd period - Ruslan Fedotenko is hit by Nick Tarnasky and loses puck.
15:40 of 3rd period - Brendan Ranford is hit by Peter Andersson and loses puck.
15:53 of 3rd period - Grant Clitsome is hit by Darren Dietz and loses puck.
16:26 of 3rd period - Dallas Jackson is hit by Dylan DeMelo and loses puck.
17:30 of 3rd period - Wrist shot by Spencer Abbott.
17:30 of 3rd period - Stopped by Calvin Pickard with a rebound.
17:32 of 3rd period - Wrist shot by Nick Cousins.
17:32 of 3rd period - Shot Misses the Net.
17:34 of 3rd period - Slapshot by Dylan DeMelo.
17:34 of 3rd period - Stopped by Calvin Pickard with a rebound.
18:27 of 3rd period - Iiro Pakarinen is hit by Tim Jackman and loses puck.
18:47 of 3rd period - Icing by Reece Scarlett.
18:48 of 3rd period - Nick Cousins wins face-off versus Alan Quine in Whale zone.
18:53 of 3rd period - Snap shot by Patrick Bordeleau.
18:53 of 3rd period - Stopped by Calvin Pickard with a rebound.
19:01 of 3rd period - Wrist shot by Patrick Bordeleau.
19:01 of 3rd period - Shot Blocked by Nick Tarnasky.
19:03 of 3rd period - Slapshot by Spencer Abbott.
19:03 of 3rd period - Stopped by Calvin Pickard with a rebound.
19:21 of 3rd period - Wrist shot by Grant Clitsome.
19:21 of 3rd period - Shot Misses the Net.
19:23 of 3rd period - Snap shot by Nick Drazenovic.
19:23 of 3rd period - Shot Misses the Net.
19:25 of 3rd period - Snap shot by Nate Schmidt.
19:25 of 3rd period - Shot Blocked by Shane Prince.
19:43 of 3rd period - Slapshot by Ruslan Fedotenko.
19:43 of 3rd period - Stopped by Calvin Pickard with a rebound.
19:45 of 3rd period - Slapshot by Kale Kessy.
19:45 of 3rd period - Shot Hit the Post.
19:57 of 3rd period - Corey Tropp is hit by Tim Jackman and loses puck.
Goals for this period are 0 for Whale vs 0 for Americans.
Shots for this period are 6 for Whale vs 13 for Americans.

Overtime #1


0:01 of 1st overtime period - Marc-Andre Cliche wins face-off versus Matt Halischuk in neutral zone.
0:04 of 1st overtime period - Wrist shot by Tim Jackman.
0:04 of 1st overtime period - Deflect By Marc-Andre Cliche.
0:04 of 1st overtime period - Shot Blocked by Tye McGinn.
0:04 of 1st overtime period - Puck is out of play.
0:05 of 1st overtime period - Marc-Andre Cliche wins face-off versus Matt Halischuk in Whale zone.
0:06 of 1st overtime period - Slapshot by Grant Clitsome.
0:06 of 1st overtime period - Shot Blocked by Matt Halischuk.
0:14 of 1st overtime period - Snap shot by Matt Halischuk.
0:14 of 1st overtime period - Stopped by Petr Mrazek with a rebound.
0:16 of 1st overtime period - Slapshot by Tye McGinn.
0:16 of 1st overtime period - Stopped by Petr Mrazek without a rebound.
0:17 of 1st overtime period - Marc-Andre Cliche wins face-off versus Tye McGinn in Americans zone.
0:22 of 1st overtime period - Snap shot by Tye McGinn.
0:22 of 1st overtime period - Shot Blocked by Nate Schmidt.
0:24 of 1st overtime period - Slapshot by Brennan Evans.
0:24 of 1st overtime period - Stopped by Petr Mrazek with a rebound.
0:37 of 1st overtime period - Wrist shot by Tye McGinn.
0:37 of 1st overtime period - Stopped by Petr Mrazek with a rebound.
0:39 of 1st overtime period - Snap shot by Tye McGinn.
0:39 of 1st overtime period - Goal by Tye McGinn - Whale : 2 - Americans : 1.
Goals for this period are 1 for Whale vs 0 for Americans.
Shots for this period are 5 for Whale vs 0 for Americans.